Map: Abyssal Reef LE

Players

Dessa

  • Race: Zerg Zerg
  • League: Diamond
  • Spawn Location: 5:00

Absence - Winner!

  • Race: Terran Terran
  • League: Diamond
  • Spawn Location: 11:00

VOD

Have the link to the VOD?

Description

Time

  • Played on: Dec. 22, 2017, 5:21 p.m.
  • Length: 7:44
Show
View Real Time Build Order
Export as new Build Order

Dessa Zerg 

Build Orders: Hatch First 

Get SALT Encoding   

  12  0:01  Drone  
  13  0:13  Overlord  
  13  0:17  Drone  
  14  0:31  Drone x2  
  14  0:35  Drone  
  17  0:53  Hatchery  
  17  0:55  Drone  
  17  1:01  Drone, Extractor  
  17  1:15  Spawning Pool  
  17  1:18  Drone  
  17  1:26  Drone  
  18  1:34  Drone  
  19  1:40  Overlord  
  19  1:52  Drone  
  20  2:02  Metabolic Boost  
  20  2:03  Queen  
  20  2:04  Drone  
  20  2:07  Queen  
  25  2:12  Drone  
  26  2:16  Drone  
  26  2:18  Zergling x2  
  28  2:34  Extractor  
  28  2:56  Queen  
  28  2:58  Drone x2, Overlord  
  32  3:07  Drone  
  32  3:08  Drone  
  32  3:10  Drone  
  32  3:11  Drone  
  36  3:18  Hatchery, Overlord  
  35  3:22  Pneumatized Carapace  
  34  3:42  Drone x2  
  34  3:43  Drone x3  
  34  3:46  Drone  
  34  3:47  Extractor  
  34  3:48  Drone x3  
  42  3:49  Lair  
  42  4:05  Zergling x4  
  42  4:07  Drone x2  
  46  4:14  Overlord  
  46  4:16  Overlord  
  46  4:26  Drone x2  
  46  4:27  Evolution Chamber  
  46  4:28  Evolution Chamber  
  46  4:34  Queen  
  48  4:39  Zergling x10  
  48  4:44  Drone  
  54  4:46  Baneling Nest  
  54  4:47  Drone x2, Extractor  
  54  4:48  Drone x2, Extractor  
  54  4:49  Drone  
  54  4:50  Drone x2  
  54  4:51  Drone  
  59  5:05  Zerg Ground Armor Level 1  
  59  5:08  Zerg Missile Weapons Level 1  
  59  5:13  Zergling x12  
  65  5:14  Hydralisk Den  
  65  5:16  Drone  
  65  5:19  Overlord  
  65  5:38  Drone x2  
  51  5:58  Drone x2, Spore Crawler x2  
  51  6:03  Spore Crawler  
  49  6:12  Spore Crawler  
  49  6:13  Hydralisk x4  
  49  6:14  Hydralisk x2  
  49  6:16  Baneling x2  
  60  6:22  Drone  
  61  6:40  Spore Crawler  
  61  6:41  Spore Crawler  
  61  6:45  Drone x3  
  62  6:51  Drone x2  
  64  6:55  Drone  
  64  6:58  Drone  
  67  7:01  Drone  
  67  7:12  Drone x3  
  70  7:20  Drone x3  
  73  7:30  Drone  
Show
View Real Time Build Order
Export as new Build Order

Absence Terran - Winner!

Build Orders: Liberator Opening 

Get SALT Encoding   

  12  0:02  SCV  
  13  0:14  SCV  
  13  0:19  Supply Depot  
  14  0:26  SCV  
  15  0:41  SCV  
  15  0:42  Barracks  
  16  0:49  Refinery  
  16  0:53  SCV  
  17  1:05  SCV  
  18  1:17  SCV  
  19  1:29  SCV  
  19  1:32  Reaper  
  21  1:41  Orbital Command  
  21  1:47  Command Center  
  21  1:53  Refinery  
  21  2:02  Supply Depot  
  21  2:11  Factory  
  21  2:14  SCV  
  22  2:22  Marine  
  23  2:26  SCV  
  24  2:39  SCV  
  24  2:41  Marine  
  26  2:51  SCV  
  27  2:55  Widow Mine  
  29  2:58  Starport, Marine  
  29  3:04  Orbital Command  
  29  3:14  SCV, Supply Depot  
  29  3:18  Factory Tech Lab  
  29  3:19  Liberator  
  31  3:26  SCV  
  31  3:27  Barracks, Barracks Reactor  
  31  3:34  SCV  
  31  3:38  SCV  
  36  3:46  SCV  
  37  3:50  SCV  
  37  3:55  Supply Depot  
  38  3:59  SCV  
  38  4:02  SCV  
  40  4:03  Marine  
  40  4:04  Siege Tank  
  40  4:05  Liberator  
  44  4:11  SCV, Marine  
  44  4:14  SCV  
  44  4:16  Barracks Tech Lab  
  47  4:21  Marine  
  47  4:23  SCV  
  52  4:26  SCV  
  52  4:29  Marine  
  54  4:35  SCV  
  54  4:37  Marine  
  56  4:38  SCV  
  56  4:42  Marine  
  56  4:45  Siege Tank  
  61  4:47  SCV  
  61  4:51  Supply Depot  
  62  4:55  SCV, Marine x2  
  62  4:59  SCV  
  66  5:00  Marine  
  66  5:01  Refinery, Supply Depot  
  66  5:06  Stimpack  
  67  5:07  SCV  
  67  5:11  SCV  
  67  5:12  Marine  
  67  5:13  Marine  
  71  5:18  Supply Depot, Marine, Starport Reactor  
  71  5:19  SCV  
  73  5:23  SCV, Supply Depot  
  74  5:30  Marine x2  
  74  5:31  SCV  
  77  5:35  SCV  
  77  5:36  Marine  
  77  5:38  Refinery  
  77  5:40  Siege Tank  
  82  5:43  SCV  
  82  5:47  SCV  
  82  5:48  Marine x2  
  86  5:54  Marine  
  86  5:55  SCV  
  86  5:56  Medivac  
  90  6:00  SCV  
  91  6:06  Marine x2  
  91  6:07  SCV  
  94  6:12  SCV, Marine  
  94  6:18  Command Center  
  96  6:24  Marine x2  
  98  6:27  Siege Tank  
  98  6:28  Barracks  
  98  6:29  Marine  
  98  6:32  Engineering Bay  
  102  6:41  SCV, Medivac  
  102  6:44  Marine x2  
  102  6:45  SCV  
  105  6:47  Marine  
  105  6:53  SCV  
  107  6:54  Medivac  
  107  6:57  SCV  
  110  7:06  Marine x3  
  110  7:17  Barracks Reactor  
  110  7:22  SCV x2  
  117  7:23  Supply Depot  
  117  7:24  Marine  
Tags
 
Add a new tag
Caveats
  • Supply blocks, unpowered buildings, or Contaminate may cause inaccurate times.
  • Supply counts are checked every 10 seconds.